 Dungeon Crawl Stone Soup version 0.29.1-15-g9cfb28693d (webtiles) character file.

Game seed: 11466594305933940358

721 Heoruswealwe the Thaumaturge (level 7, 0/36 HPs)
             Began as a Deep Elf Earth Elementalist on Apr 16, 2023.
             Was a Believer of the Shining One.
             Slain by an ogre
             ... wielding a +0 giant club
              (15 damage)
             ... on level 5 of the Dungeon.
             The game lasted 00:42:06 (5066 turns).

Heoruswealwe the Thaumaturge (DEEE)                 Turns: 5066, Time: 00:42:08

Health: 0/36       AC:  7    Str:  5    XL:     7   Next: 42%
Magic:  18/20      EV: 12    Int: 26    God:    the Shining One [**....]
Gold:   265        SH:  0    Dex: 15    Spells: 12/22 levels left

rFire   . . .      SeeInvis .   b - +7 spear "Voug" {vorpal, +Blink rN+ Int+4}
rCold   . . .      Faith    .   (no shield)
rNeg    + + .      Spirit   .   c - +1 robe
rPois   .          Reflect  .   (no helmet)
rElec   .          Harm     .   (no cloak)
rCorr   .          Rampage  .   (no gloves)
Will    .....                   (no boots)
Stlth   +.........              (no amulet)
HPRegen 0.12/turn               k - +4 ring of protection
MPRegen 0.17/turn               (no ring)

@: glowing
A: no striking features
a: Renounce Religion, Evoke Blink, Divine Shield


You were on level 5 of the Dungeon.
You worshipped the Shining One.
The Shining One was pleased with you.
You visited 1 branch of the dungeon, and saw 5 of its levels.
You also visited: Sewer.

You collected 265 gold pieces.

Inventory:

Hand Weapons
 a - a +1 arbalest
 b - the +7 spear "Voug" (weapon) {vorpal, +Blink rN+ Int+4}
   (You found it on level 3 of the Dungeon)

   It inflicts extra damage upon your enemies.
   Int:       It affects your intelligence (+4).
   rN:        It protects you from negative energy.
   +Blink:    It lets you blink.
 h - a +0 short sword of speed
 j - a +0 war axe
Armour
 c - a +1 robe (worn)
Magical Staves
 m - a staff of death
Jewellery
 k - a +4 ring of protection (left hand)
Wands
 i - a wand of charming (26)
Scrolls
 f - 3 scrolls of teleportation
 n - a scroll of enchant weapon
 p - a scroll of enchant armour
Potions
 e - 2 potions of magic
 g - a potion of haste
 l - a potion of curing


   Skills:
 - Level 2.4 Dodging
 - Level 2.4 Stealth
 + Level 8.2 Spellcasting
 - Level 1.1 Transmutations
 + Level 7.1 Earth Magic


You had 12 spell levels left.
You knew the following spells:

 Your Spells              Type           Power      Damage    Failure   Level
a - Sandblast             Erth           96%        2d20      1%          1
b - Stone Arrow           Conj/Erth      58%        3d10      3%          3
c - Petrify               Tmut/Erth      32%        N/A       10%         4
z - Passwall              Tmut/Erth      26%        N/A       1%          2

Your spell library contained the following spells:

 Spells                   Type           Power      Damage    Failure   Level
 Sting                    Tmut/Pois      52%        1d5       4%          1
 Ensorcelled Hibernation  Hex/Ice        20%        N/A       9%          2
 Poisonous Vapours        Pois/Air       20%        N/A       9%          2
 Swiftness                Air            10%        N/A       17%         3
 Olgreb's Toxic Radiance  Pois           10%        N/A       50%         4


Dungeon Overview and Level Annotations

Branches:
Dungeon (5/15)              Sewer (visited)
 Temple: D:4-7

Altars:
The Shining One


Message History

Found 5 silver boomerangs.
You see here 5 silver boomerangs.
You open the door.
There is an open door here.
An ice beast comes into view.
The blast of sand hits the ice beast.
The ice beast is moderately wounded.
The blast of sand hits the ice beast!!
You kill the ice beast!
Your Spellcasting skill increases to level 8!
Your Earth Magic skill increases to level 7!
A scorpion and an ogre come into view.
The ogre shouts!
The blast of sand hits the scorpion!
The scorpion is severely wounded.
The scorpion stings you but does no damage.
The blast of sand misses the scorpion.
The scorpion stings you. The scorpion barely misses you.
The ogre hits you with a +0 giant club!!
Ouch! That really hurt!
You are too injured to fight recklessly!
Casting: Sandblast (safe; 1% risk of failure)
Confirm with . or Enter, or press ? or * to list all spells.
Aiming: Sandblast (safe; 1% risk of failure)
Press: ? - help, Shift-Dir - straight line, f/p - scorpion
Aim: a scorpion (severely wounded, haloed, 88% to hit)
The blast of sand hits the scorpion!
You kill the scorpion!
The ogre hits you with a +0 giant club!!
The Shining One protects you from harm!
There is an open door here.
Casting: Sandblast (safe; 1% risk of failure)
Confirm with . or Enter, or press ? or * to list all spells.
Aiming: Sandblast (safe; 1% risk of failure)
Press: ? - help, Shift-Dir - straight line, f - ogre
Aim: an ogre, wielding a +0 giant club (haloed, 94% to hit)
The blast of sand hits the ogre!
The ogre is heavily wounded.
The ogre hits you with a +0 giant club!
You die...

####
###..############
###..........O@...#
#......##########.#
......#'# #.#
....###.# #.#
..###...# #.#
###...### #.#
#...### ### #.#
#.†## ..# #(#
##....# #.# #.#


You could see an ogre.

Vanquished Creatures
  Grinder (D:3)
  An ice beast (D:5)
  A kobold brigand (Sewer)
  A scorpion (D:5)
  An iguana (D:4)
  Natasha (thrice) (D:2)
  6 adders
  A gnoll (D:1)
  4 river rats (Sewer)
  4 worms
  3 dart slugs (D:1)
  8 orcs
  7 endoplasms
  2 giant cockroaches
  2 goblins
  7 hobgoblins
  7 jackals (Sewer)
  4 quokkas
  5 ball pythons
  6 bats
  6 frilled lizards
  9 kobolds
  10 rats
  4 toadstools (D:1)
103 creatures vanquished.

Vanquished Creatures (others)
  17 fungi
  49 plants
66 creatures vanquished.

Grand Total: 169 creatures vanquished

Notes
Turn   | Place    | Note
-------+----------+-------------------------------------------
     0 | D:1      | Heoruswealwe the Deep Elf Earth Elementalist began the
                  | quest for the Orb.
     0 | D:1      | Reached XP level 1. HP: 10/10 MP: 6/6
   356 | D:1      | Reached XP level 2. HP: 8/15 MP: 4/8
   360 | D:1      | Learned a level 2 spell: Passwall
   620 | D:1      | Reached skill level 4 in Spellcasting
   704 | D:1      | Reached XP level 3. HP: 16/19 MP: 7/10
   708 | D:1      | Learned a level 3 spell: Stone Arrow
  1098 | D:2      | Reached XP level 4. HP: 24/24 MP: 10/12
  1114 | D:2      | Learned a level 4 spell: Petrify
  1737 | D:2      | Noticed Natasha
  1739 | D:2      | Killed Natasha
  1740 | D:2      | Reached skill level 5 in Spellcasting
  2206 | D:2      | Noticed Natasha
  2209 | D:2      | Killed Natasha
  2560 | D:2      | Noticed Natasha
  2563 | D:2      | Killed Natasha
  2564 | D:2      | Reached skill level 5 in Earth Magic
  2564 | D:2      | Reached XP level 5. HP: 21/28 MP: 13/15
  2637 | D:3      | Found a faded altar of an unknown god.
  2655 | D:3      | Prayed at the altar of an unknown god.
  2655 | D:3      | Became a worshipper of the Shining One
  2655 | D:3      | Reached * piety under the Shining One
  2697 | D:3      | Found a glowing drain.
  2706 | Sewer    | Entered a sewer
  2732 | Sewer    | Reached skill level 6 in Spellcasting
  2860 | Sewer    | Reached XP level 6. HP: 32/32 MP: 12/17
  3588 | D:3      | Noticed Grinder
  3593 | D:3      | Killed Grinder
  3594 | D:3      | Reached skill level 7 in Spellcasting
  3594 | D:3      | Reached XP level 7. HP: 21/36 MP: 14/19
  3782 | D:3      | Identified the +7 spear "Voug" {vorpal, +Blink rN+ Int+4}
  4094 | D:4      | Reached ** piety under the Shining One
  5000 | D:5      | Entered Level 5 of the Dungeon
  5044 | D:5      | Reached skill level 8 in Spellcasting
  5051 | D:5      | The Shining One protects you from harm!
  5066 | D:5      | Slain by an ogre

Illustrated notes

Levels and vault maps discovered:
D:1:      amcnicky_arrival_gap_in_the_tavern_cellar, layout_loops_ring,
          minmay_gold_behind_fungi
D:2:      layout_basic, uniq_natasha
D:3:      layout_rooms, portal_sewer_entry_b,
          dreamdust_ecumenical_altar_hidden_monk_grotto, uniq_grinder
D:4:      layout_layer_cave, feat_on_display
D:5:      minmay_razor_zed, layout_loops_ring, chequers_serial_rivers_micro_c,
          uniq_pikel, uniq_blork_the_orc

Skill      XL: |  1  2  3  4  5  6  7 |
---------------+----------------------+-----
Spellcasting   | 4 5 6 7 8 |  8.2
Earth Magic    | 4 5 6 7 |  7.1
Dodging        | |  2.4
Stealth        | |  2.4
Transmutations | |  1.1

Action                   |  1- 3 |  4- 6 |  7- 9 || total
-------------------------+-------+-------+-------++-------
Melee: Unarmed           |    80 |       |       ||    80
       Punch             |     2 |     2 |       ||     4
       War axe           |       |    86 |       ||    86
       Short sword       |       |     1 |       ||     1
 Cast: Sandblast         |    45 |    70 |    24 ||   139
       Passwall          |       |     2 |       ||     2
  Use: Scroll            |       |     6 |     3 ||     9
       Potion            |       |     3 |     1 ||     4
Armor: Robe              |     5 |       |     1 ||     6
Dodge: Dodged            |     7 |    11 |     7 ||    25
